 Dungeon Crawl Stone Soup version 0.27.1-4-g1640c2035a (webtiles) character file.

Game seed: 12189177645669790401

44 MisterFreud the Magician (level 3, 0/28 HPs)
             Began as a Gnoll Wanderer on Nov 6, 2021.
             Was a Follower of Kikubaaqudgha.
             Slain by a gnoll (6 damage)
             ... on level 2 of the Dungeon.
             The game lasted 00:01:37 (1578 turns).

MisterFreud the Magician (Gnoll Wanderer)           Turns: 1578, Time: 00:01:37

Health: 0/28       AC:  8    Str: 13    XL:     3   Next: 62%
Magic:  11/11      EV:  6    Int: 12    God:    Kikubaaqudgha [*.....]
Gold:   73         SH:  0    Dex:  9    Spells: 15/16 levels left

rFire    . . .     SeeInvis .   a - +2 spear
rCold    . . .     Faith    .   (no shield)
rNeg     . . .     Spirit   .   h - +0 chain mail
rPois    .         Reflect  .   (no helmet)
rElec    .         Harm     .   (no cloak)
rCorr    .         Rampage  .   (no gloves)
Will     .....                  (no boots)
Stlth    ..........             (no amulet)
HPRegen  0.09/turn              (no ring)
MPRegen  0.12/turn              (no ring)

@: no status effects
A: fangs 1, strong nose, distributed training
a: Renounce Religion, Receive Corpses


You were on level 2 of the Dungeon.
You worshipped Kikubaaqudgha.
Kikubaaqudgha was aware of your devotion.
You visited 1 branch of the dungeon, and saw 2 of its levels.

You collected 73 gold pieces.

Inventory:

Hand Weapons
 a - a +2 spear (weapon)
 c - a +0 war axe of flaming
Armour
 b - a +0 robe
 h - a +0 chain mail (worn)
Wands
 k - a wand of iceblast (6)
Scrolls
 d - a scroll of fear {unknown}
 e - a scroll of identify {unknown}
 f - a scroll of amnesia {unknown}
Potions
 g - a potion of might {unknown}
 i - 2 potions of attraction {unknown}
 j - a potion of haste {unknown}


   Skills:
 + Level 2.6 Fighting
 + Level 0.9 Short Blades
 + Level 0.9 Long Blades
 + Level 0.9 Axes
 + Level 0.9 Maces & Flails
 + Level 6.5 Polearms
 + Level 0.9 Staves
 + Level 0.9 Slings
 + Level 0.9 Bows
 + Level 0.9 Crossbows
 + Level 2.6 Throwing
 + Level 0.9 Armour
 + Level 2.6 Dodging
 + Level 0.9 Stealth
 + Level 2.6 Shields
 + Level 0.9 Unarmed Combat
 + Level 7.1 Spellcasting
 + Level 0.6 Conjurations
 + Level 0.6 Hexes
 + Level 0.6 Summonings
 + Level 0.6 Necromancy
 + Level 0.6 Translocations
 + Level 0.6 Transmutations
 + Level 0.6 Fire Magic
 + Level 0.6 Ice Magic
 + Level 0.6 Air Magic
 + Level 0.6 Earth Magic
 + Level 0.6 Poison Magic
 + Level 1.0 Invocations
 + Level 0.9 Evocations


You had 15 spell levels left.
You knew the following spells:

 Your Spells              Type           Power      Damage    Failure   Level
a - Apportation           Tloc           10%        N/A       99%         1

Your spell library contained the following spells:

 Spells                   Type           Power      Damage    Failure   Level
 Pain                     Necr           20%        1d5       99%         1
 Corpse Rot               Necr/Air       N/A        N/A       100%        2
 Passwall                 Tmut/Erth      4%         N/A       100%        2
 Sublimation of Blood     Necr           2%         N/A       100%        2
 Wereblood                Tmut           5%         N/A       100%        2
 Gell's Gravitas          Tloc           2%         N/A       100%        3
 Lesser Beckoning         Tloc           2%         N/A       100%        3
 Teleport Other           Tloc           5%         N/A       100%        3
 Vampiric Draining        Necr           2%         2d6       100%        3
 Agony                    Necr           5%         N/A       100%        5
 Excruciating Wounds      Necr           2%         N/A       100%        5
 Dispersal                Tloc           2%         N/A       100%        6


Dungeon Overview and Level Annotations

Branches:
Dungeon (2/15)

Altars:
Kikubaaqudgha


Innate Abilities, Weirdness & Mutations

You have very sharp teeth.
Your uncanny sense of smell can sniff out nearby items.
Your experience applies equally to all skills.


Message History

There is a stone staircase leading down here.
Found 5 gold pieces.
Found an escape hatch in the ceiling.
A goblin and a gnoll come into view.
Found a club.
The goblin shouts!
You hear a shout! x2
A gnoll comes into view. It is wielding a +0 whip.
There are monsters nearby!
There are monsters nearby!
You hit the goblin.
You kill the goblin!
Kikubaaqudgha accepts your kill.
A gnoll comes into view. It is wielding a +0 flail.
You see here 5 gold pieces.
You barely miss the gnoll.
You reach to attack!
You closely miss the gnoll. The gnoll hits you with a +0 whip!
You completely miss the gnoll. You bite the gnoll, but do no damage.
The gnoll hits you with a +0 whip.
You barely miss the gnoll. The gnoll barely misses you.
You closely miss the gnoll. Your bite misses the gnoll.
The gnoll hits you but does no damage.
You hit the gnoll.
The gnoll is moderately wounded.
You hit the gnoll. You bite the gnoll, but do no damage.
The gnoll is severely wounded.
The gnoll barely misses you.
You puncture the gnoll!
You kill the gnoll!
Kikubaaqudgha accepts your kill.
Your Invocations skill increases to level 1!
You closely miss the gnoll. The gnoll hits you with a +0 flail.
You are too injured to fight recklessly!
You closely miss the gnoll. Your bite misses the gnoll.
You are too injured to fight recklessly!
You hit the gnoll but do no damage. The gnoll hits you with a +0 flail!
* * * LOW HITPOINT WARNING * * *
You barely miss the gnoll. The gnoll hits you with a +0 flail.
You die...
Kikubaaqudgha rasps: "You have failed me!
Welcome... death!"

# ########### # ###
..### #...## ###..####
##....###
####...############.###
###.......@gg...<...
##########).......
##....... ....)..
#######


You could see 2 gnolls.

Vanquished Creatures
  A gnoll (D:2)
  An adder (D:2)
  2 endoplasms (D:2)
  3 goblins (D:2)
  2 jackals (D:1)
  2 ball pythons
  7 bats
  A frilled lizard (D:1)
  5 kobolds (D:1)
  4 rats
28 creatures vanquished.

Notes
Turn   | Place    | Note
-------+----------+-------------------------------------------
     0 | D:1      | MisterFreud the Gnoll Wanderer began the quest for the Orb.
     0 | D:1      | MisterFreud set off with the following items: a +2 spear, a
                  | +0 robe; and the following spell memorised: Apportation;
                  | and the following spells available to memorise: Passwall,
                  | Wereblood, Lesser Beckoning
     0 | D:1      | Reached XP level 1. HP: 17/17 MP: 8/8
   287 | D:1      | Found a faded altar of an unknown god.
   295 | D:1      | Reached XP level 2. HP: 23/23 MP: 10/10
   345 | D:1      | Became a worshipper of Kikubaaqudgha
   345 | D:1      | Reached * piety under Kikubaaqudgha
   345 | D:1      | Received a gift from Kikubaaqudgha
  1432 | D:2      | Reached XP level 3. HP: 25/28 MP: 11/11
  1575 | D:2      | Reached skill level 1 in Invocations
  1578 | D:2      | Slain by a gnoll

Illustrated notes

Levels and vault maps discovered:
D:1:      dpeg_arrival_circle_labyrinth_c, layout_basic,
          ebering_ecumenical_altar_sacrificial
D:2:      layout_rooms, ebering_dispersal_statue_hall

Skill      XL: |  1  2  3 |
---------------+----------+-----
Invocations    | 1 |  1.0
Fighting       | |  2.6
Short Blades   | |  0.9
Long Blades    | |  0.9
Axes           | |  0.9
Maces & Flails | |  0.9
Polearms       | |  6.5
Staves         | |  0.9
Slings         | |  0.9
Bows           | |  0.9
Crossbows      | |  0.9
Throwing       | |  2.6
Armour         | |  0.9
Dodging        | |  2.6
Stealth        | |  0.9
Shields        | |  2.6
Unarmed Combat | |  0.9
Spellcasting   | |  7.1
Conjurations   | |  0.6
Hexes          | |  0.6
Summonings     | |  0.6
Necromancy     | |  0.6
Translocations | |  0.6
Transmutations | |  0.6
Fire Magic     | |  0.6
Ice Magic      | |  0.6
Air Magic      | |  0.6
Earth Magic    | |  0.6
Poison Magic   | |  0.6
Evocations     | |  0.9

Action                   || total
-------------------------++-------
Melee: Spear             ||    75
       Bite              ||     6
Armor: Robe              ||    10
       Chain mail        ||     6
Dodge: Dodged            ||    23
